Map: Prion Terraces

Players

RoyalFlush - Winner!

  • Race: Protoss Protoss
  • League: Gold

lesha

  • Race: Terran Terran
  • League: Silver

VOD

Have the link to the VOD?

Description

Time

  • Played on: Dec. 30, 2015, 10:27 a.m.
  • Length: 8:43
Show
View Real Time Build Order
Export as new Build Order

RoyalFlush Protoss - Winner!

Build Orders: Dark Templar Rush 

Get SALT Encoding   

  12  0:06  Probe (Chrono Boost)  
  13  0:16  Probe (Chrono Boost)  
  14  0:27  Probe (Chrono Boost)  
  15  0:29  Pylon  
  15  0:47  Probe (Chrono Boost)  
  16  0:50  Gateway  
  16  0:58  Probe (Chrono Boost)  
  17  1:08  Probe (Chrono Boost)  
  17  1:10  Assimilator  
  18  1:19  Probe (Chrono Boost)  
  18  1:25  Gateway  
  19  1:29  Probe (Chrono Boost)  
  20  1:42  Probe (Chrono Boost)  
  21  1:47  Assimilator  
  21  1:52  Probe (Chrono Boost)  
  22  2:00  Cybernetics Core  
  22  2:03  Probe (Chrono Boost)  
  22  2:04  Pylon  
  22  2:05  Pylon  
  23  2:09  Gateway  
  24  2:23  Probe (Chrono Boost)  
  24  2:33  Probe (Chrono Boost)  
  24  2:37  Warp Gate (Chrono Boost)  
  25  2:44  Probe  
  24  2:57  Probe  
  25  2:59  Stalker x3  
  31  3:09  Probe  
  32  3:14  Twilight Council  
  32  3:21  Probe  
  33  3:30  Nexus  
  33  3:32  Pylon  
  33  3:33  Probe  
  34  3:45  Probe  
  35  3:56  Dark Shrine  
  35  3:57  Probe  
  36  4:09  Probe  
  35  4:21  Probe  
  34  4:33  Probe  
  35  4:38  Pylon  
  35  4:41  Probe  
  35  4:42  Assimilator  
  36  4:51  Probe  
  36  4:53  Pylon  
  37  5:02  Probe  
  37  5:05  Assimilator  
  38  5:12  Probe  
  38  5:13  Dark Templar x3  
  45  5:23  Probe  
  46  5:32  Gateway  
  46  5:33  Probe  
  46  5:35  Gateway  
  47  5:44  Probe  
  48  6:13  Stalker x3  
  52  6:41  Probe  
  52  6:46  Forge  
  53  6:48  Forge  
  53  6:52  Probe  
  54  6:54  Robotics Facility  
  54  6:58  Probe  
  55  7:02  Probe  
  55  7:04  Charge (Chrono Boost)  
  56  7:10  Mothership Core  
  56  7:14  Stalker  
  60  7:15  Stalker x2  
  60  7:16  Stalker  
  66  7:25  Probe  
  65  7:44  Nexus  
  59  8:04  Stalker x2  
  59  8:05  Stalker x3  
  69  8:12  Pylon  
  69  8:15  Observer  
Show
View Real Time Build Order
Export as new Build Order

lesha Terran 

Build Orders: Reaper Expand 

Get SALT Encoding   

  12  0:01  SCV  
  13  0:13  SCV  
  14  0:18  Supply Depot  
  14  0:25  SCV  
  15  0:40  SCV, Barracks  
  16  0:47  Refinery  
  16  0:52  SCV  
  17  1:04  SCV  
  18  1:16  SCV  
  19  1:28  Orbital Command  
  19  1:32  Reaper  
  20  1:40  Command Center  
  20  1:50  Supply Depot  
  20  2:10  Factory  
  20  2:15  Refinery  
  20  2:20  SCV, Barracks  
  21  2:37  SCV  
  22  2:46  Marine  
  22  2:49  SCV  
  24  2:59  Widow Mine  
  24  3:02  SCV  
  27  3:05  Orbital Command  
  27  3:08  Barracks Reactor  
  27  3:14  Barracks Reactor  
  27  3:23  Barracks  
  27  3:24  Starport  
  27  3:28  SCV  
  28  3:35  SCV  
  28  3:40  SCV  
  30  3:45  Marine x2  
  30  3:47  SCV  
  33  3:51  Marine x2  
  33  3:53  SCV, Factory Tech Lab  
  36  3:59  SCV  
  36  4:01  Barracks  
  37  4:02  Marine  
  37  4:03  Marine  
  37  4:04  Supply Depot  
  37  4:05  Medivac  
  39  4:23  Marine x2  
  39  4:24  Marine x2  
  41  4:26  Barracks Tech Lab  
  42  4:43  Starport Reactor  
  42  4:46  Siege Tank  
  46  4:52  SCV  
  46  4:53  SCV  
  47  5:00  Supply Depot  
  47  5:02  Supply Depot  
  47  5:05  SCV x2  
  49  5:10  Engineering Bay, Marine x4  
  49  5:11  Engineering Bay, Barracks  
  49  5:12  Barracks Reactor  
  49  5:13  Barracks  
  53  5:21  Marauder  
  55  5:33  SCV x2  
  55  5:35  Marine x4  
  60  5:36  Medivac  
  60  5:37  Medivac  
  57  5:45  SCV x2  
  50  6:09  Marine x3  
  50  6:10  Marine x3  
  48  6:29  Marine x4  
  48  6:30  Marine x2  
  50  6:53  Marine  
  50  6:54  Marine x7  
  49  7:00  Raven  
  48  7:28  Supply Depot  
  48  7:32  Supply Depot  
  48  7:36  Marine x4  
  48  7:37  Marine x2  
  54  7:45  Medivac  
  53  7:56  Barracks Reactor  
  52  8:10  Command Center  
  52  8:14  Marine  
Tags
 
Add a new tag
Caveats
  • Supply blocks, unpowered buildings, or Contaminate may cause inaccurate times.
  • Supply counts are checked every 10 seconds.